Map: Ephemeron LE

Players

MаXGrig - Winner!

  • Race: Zerg Zerg
  • League: Diamond
  • Spawn Location: 11:00

A.I. 1 (Elite)

  • Race: Zerg Zerg
  • Spawn Location: 5:00

VOD

Have the link to the VOD?

Description

Time

  • Played on: Nov. 9, 2019, 7:21 a.m.
  • Length: 3:27
Show
View Real Time Build Order
Export as new Build Order

MаXGrig Zerg - Winner!

Build Orders: Pool First 

Get SALT Encoding   

  12  0:03  Extractor  
  11  0:21  Spawning Pool  
  10  0:30  Drone  
  11  0:40  Overlord  
  11  0:49  Drone  
  12  1:08  Zergling x6  
  15  1:15  Metabolic Boost  
  15  1:20  Zergling x2  
  16  1:32  Queen  
  16  1:38  Zergling x2  
  19  1:41  Zergling x2  
  20  1:52  Overlord  
  20  2:02  Zergling x2  
  21  2:14  Zergling x2  
  22  2:27  Hatchery  
  21  2:31  Zergling x2  
  21  2:36  Zergling x2  
  22  2:41  Zergling x2  
  23  2:45  Zergling x2  
  23  2:49  Zergling x2  
  24  2:53  Zergling x2  
  23  2:58  Zergling x2  
Show
View Real Time Build Order
Export as new Build Order

A.I. 1 (Elite) Zerg 

Build Orders: Pool First 

Get SALT Encoding   

  12  0:00  Drone  
  13  0:12  Overlord  
  13  0:17  Drone  
  14  0:30  Drone x2  
  16  0:42  Spawning Pool  
  15  0:45  Drone  
  17  0:50  Drone  
  17  1:13  Hatchery, Drone  
  17  1:15  Extractor  
  17  1:18  Drone  
  17  1:22  Extractor  
  17  1:24  Drone  
  17  1:28  Drone  
  18  1:38  Drone  
  19  1:48  Overlord  
  19  1:55  Queen  
  19  2:01  Zergling x2  
  21  2:10  Zergling x2  
  22  2:21  Zergling x2  
  22  2:24  Zergling x2  
  23  2:32  Drone  
  23  2:35  Zergling x2  
  23  2:42  Drone  
  23  2:55  Drone  
Tags
 
League
Diamond
Matchup
ZvZ
Race
Zerg
Spawn Locations
Cross Positions
Add a new tag
Caveats
  • Supply blocks, unpowered buildings, or Contaminate may cause inaccurate times.
  • Supply counts are checked every 10 seconds.